 Dungeon Crawl Stone Soup version 0.31-a0-750-gfe7b580527 (webtiles) character file.

Game seed: 15676478369641632439

1505608 octothorp the Ruinous (level 26, 234/234 HPs)
             Began as a Demigod Conjurer on Sept 8, 2023.
             Escaped with the Orb
             ... and 3 runes on Sept 14, 2023!
             The game lasted 10:42:39 (96265 turns).

octothorp the Ruinous (Demigod Conjurer)           Turns: 96265, Time: 10:42:39

Health: 234/234    AC: 32    Str: 18    XL:     26   Next: 65%
Magic:  54/66      EV: 23    Int: 48    God:
Gold:   3122       SH:  0    Dex: 18    Spells: 2/55 levels left

rFire   + + +        q - staff of Mastery {rF+ Will++ Stlth- Conj Poison}
rCold   + . .        Y - sphere of Battle
rNeg    . . .        w - +7 fire dragon scales {Xtahua}
rPois   +            l - +2 helmet
rElec   .            v - +1 cloak of the New World {Contam rF+ Regen+ Dex+2}
rCorr   .            c - +2 pair of gloves {Stlth+}
SInv    .            z - +2 pair of slick slippers {slick, slippery, EV+4}
Will    +++++        b - amulet "Zaop" {rC+ Regen+} Stlth
                     F - ring "Ozemnuq" {rPois MP+9 Str+2}
HPRegen 2.19/turn    A - ring of Kihint {Ice *Corrode Will+ MP+9 Str+8}
MPRegen 0.40/turn

%: corrode self (3%)
@: studying Hexes
A: high MP 1, forlorn, divine attributes, iridescent scales 1, MP-powered wands
0: Orb of Zot
}: 3/15 runes: decaying, serpentine, silver
a: no special abilities


You escaped.
You visited 10 branches of the dungeon, and saw 50 of its levels.
You visited 1 bazaar.
You also visited: Gauntlet.

You collected 7060 gold pieces.
You spent 3938 gold pieces at shops.

Inventory:

Hand Weapons
 a - the +12 rapier "Momelat" {elec, rF+ Int+9 Stlth-}
   (You found it on level 14 of the Dungeon)

   Int+9:     It affects your intelligence (+9).
   rF+:       It protects you from fire.
   Stlth-:    It makes you less stealthy.
Missiles
 h - 24 throwing nets
Armour
 c - a +2 pair of gloves of stealth (worn)
 k - a +2 cloak of preservation
 l - a +2 helmet (worn)
 v - the +1 cloak of the New World (worn) {Contam rF+ Regen+ Dex+2}
   (You found it on level 4 of the Lair of Beasts)

   Dex+2:     It affects your dexterity (+2).
   rF+:       It protects you from fire.
   Contam:    It causes magical contamination when unequipped.
   Regen+:    It increases your rate of health regeneration.
 w - +7 fire dragon scales (worn) {Xtahua}
 z - the +2 pair of slick slippers (worn) {slick, slippery, EV+4}
   (You found it on level 15 of the Dungeon)

   Slick:     Its wearer cannot be constricted, engulfed, netted or webbed.
   Slippery:  Its wearer slips away from damaging melee attacks, pulling the
   attacker onward.
   EV+4:      It affects your evasion (+4).
 Y - the sphere of Battle (worn)
   (You took it off a naga ritualist on level 3 of the Snake Pit)

   Battle:    It summons a battlesphere in combat, with strength depending on
   Conjurations skill.
   Destructive: It enhances your destructive magic, and weakens non-destructive
   magic.
Magical Staves
 q - the staff of Mastery (weapon) {rF+ Will++ Stlth- Conj Poison}
   (You found it on level 5 of the Vaults)

   [staff of conjuration]

   Base accuracy: +5 Base damage: 5 Base attack delay: 1.2 This weapon's minimum
   attack delay (0.6) is reached at skill level 12.
   rF+:       It protects you from fire.
   Will++:    It greatly increases your willpower.
   Stlth-:    It makes you less stealthy.
   Conj:      It increases the power of your Conjurations spells.
   Poison:    It increases the power of your Poison spells.
   It falls into the 'Staves' category.
   It is a one-handed weapon.
Jewellery
 b - the amulet "Zaop" (around neck) {rC+ Regen+}
   (You bought it in a shop in a bazaar)

   [amulet of regeneration]

   rC+:       It protects you from cold.
   Regen+:    It increases your rate of health regeneration.
 m - the ring "Pugaer" {Wiz rPois Str+4}
   (You took it off a deep elf death mage on level 3 of the Elven Halls)

   [ring of wizardry]

   Wiz:       It improves your spell success rate.
   Str+4:     It affects your strength (+4).
   rPois:     It protects you from poison
 y - a ring of resist corrosion
 A - the ring of Kihint (right hand) {Ice *Corrode Will+ MP+9 Str+8}
   (You took it off Josephina on level 4 of the Depths)

   [ring of ice]

   Ice:       It enhances your ice magic.
   Str+8:     It affects your strength (+8).
   rF-:       It makes you vulnerable to fire.
   rC+:       It protects you from cold.
   Will+:     It increases your willpower.
   MP+9:      It affects your magic capacity (+9).
   *Corrode:  It may corrode you when you take damage.
 D - the ring of the Lumpy Beggars {Will+ SInv}
   (You found it in a Gauntlet)

   [ring of willpower]

   Will+:     It increases your willpower.
   SInv:      It lets you see invisible.
 F - the ring "Ozemnuq" (left hand) {rPois MP+9 Str+2}
   (You acquired it on level 5 of the Realm of Zot)

   [ring of poison resistance]

   Str+2:     It affects your strength (+2).
   rPois:     It protects you from poison MP+9: It affects your magic capacity
   (+9).
 O - the ring of Nereef {Wiz rElec rN+}
   (You found it on level 12 of the Dungeon)

   [ring of wizardry]

   Wiz:       It improves your spell success rate.
   rElec:     It insulates you from electricity.
   rN+:       It protects you from negative energy.
 Q - a ring of protection from cold
 W - a ring of protection from fire
Wands
 n - a wand of mindburst (44)
 L - a wand of polymorph (41)
 N - a wand of paralysis (64)
 R - a wand of quicksilver (41)
 X - a wand of iceblast (26)
Scrolls
 d - 3 scrolls of summoning
 i - 4 scrolls of poison
 r - 11 scrolls of amnesia
 t - 8 scrolls of silence
 u - 18 scrolls of teleportation {@r2}
 M - 15 scrolls of immolation
 P - a scroll of blinking {@r3}
 S - 9 scrolls of fear
 T - 7 scrolls of fog
Potions
 e - 12 potions of might
 f - 8 potions of cancellation
 g - 7 potions of magic
 j - 4 potions of invisibility
 o - 16 potions of curing
 s - 2 potions of lignification
 x - 3 potions of berserk rage
 B - 4 potions of haste
 C - 5 potions of mutation
 I - 2 potions of resistance
 J - 5 potions of brilliance
 K - 10 potions of enlightenment
 V - 4 potions of ambrosia
 Z - 13 potions of heal wounds
Miscellaneous
 p - a phantom mirror
 E - a lightning rod (4/4)


   Skills:
 + Level 18.7 Fighting
 - Level 6.0 Short Blades
 - Level 6.0 Staves
 - Level 12.0 Armour
 + Level 18.2 Dodging
 - Level 1.7 Stealth
 - Level 15.0 Spellcasting
 - Level 22.0 Conjurations
 - Level 4.0 Hexes
 - Level 9.0 Summonings
 - Level 3.0 Translocations
 - Level 12.0 Fire Magic
 - Level 2.2 Ice Magic
 - Level 12.0 Air Magic
 - Level 16.0 Earth Magic
 - Level 10.0 Evocations


You had 2 spell levels left.
You knew the following spells:

 Your Spells              Type           Power      Damage    Failure   Level
a - Magic Dart            Conj           100%       1d8       0%          1
b - Iskenderun's Mystic   Conj/Tloc      100%       2d19      1%          4
c - Starburst             Conj/Fire      82%        6d21      1%          6
d - Lee's Rapid Deconstr  Erth           68%        3d31*     1%          5
e - Apportation           Tloc           64%        N/A       1%          1
f - Fulminant Prism       Conj/Hex       76%        3d32      1%          4
l - Leda's Unmaking       Conj/Erth      85%        9d14      1%          6
o - Orb of Destruction    Conj           89%        9d19      1%          7
p - Plasma Beam           Fire/Air       61%        2x1d77    1%          6
s - Searing Ray           Conj           100%       2d8       0%          2
u - Sublimation of Blood  Necr           18%        N/A       2%          2
B - Blink                 Tloc           64%        N/A       1%          2
S - Spellforged Servitor  Conj/Summ      80%        N/A       2%          7

Your spell library contained the following spells:

 Spells                   Type           Power      Damage    Failure   Level
 Foxfire                  Conj/Fire      100%       2x1d9     0%          1
 Momentum Strike          Conj/Tloc      100%       3d10      0%          2
 Freeze                   Ice            100%       1d10      1%          1
 Kiss of Death            Conj/Necr      100%       2d13      1%          1
 Necrotise                Necr           72%        1d7       1%          1
 Slow                     Hex            100%       N/A       1%          1
 Sting                    Tmut/Pois      100%       1d8       1%          1
 Call Imp                 Summ           100%       N/A       1%          2
 Cigotuvi's Dreadful Rot  Necr/Pois/Air  100%       N/A       1%          2
 Jinxbite                 Hex            74%        N/A       1%          2
 Lesser Beckoning         Tloc           64%        N/A       1%          2
 Passwall                 Tmut/Erth      45%        N/A       1%          2
 Scorch                   Fire           100%       2d9       1%          2
 Wereblood                Tmut           18%        N/A       2%          2
 Stone Arrow              Conj/Erth      100%       3d13      0%          3
 Iskenderun's Battlesphe  Conj           100%       2d15      0%          5
 Call Canine Familiar     Summ           57%        N/A       1%          3
 Confusing Touch          Hex            37%        N/A       1%          3
 Dazzling Flash           Conj/Hex       100%       N/A       1%          3
 Gell's Gravitas          Tloc           32%        N/A       1%          3
 Hailstorm                Conj/Ice       100%       3d20      1%          3
 Ignite Poison            Fire/Tmut/Pois 100%       N/A       1%          3
 Mephitic Cloud           Conj/Pois/Air  100%       N/A       1%          3
 Sigil of Binding         Hex            37%        N/A       1%          3
 Summon Guardian Golem    Hex/Summ       49%        N/A       1%          3
 Teleport Other           Tloc           32%        N/A       1%          3
 Volatile Blastmotes      Fire/Tloc      100%       2d18      1%          3
 Animate Armour           Summ/Erth      100%       N/A       1%          4
 Leda's Liquefaction      Hex/Erth       30%        N/A       1%          4
 Petrify                  Tmut/Erth      54%        N/A       1%          4
 Summon Ice Beast         Ice/Summ       74%        N/A       1%          4
 Summon Lightning Spire   Summ/Air       62%        N/A       1%          4
 Vhi's Electric Charge    Tloc/Air       100%       N/A       1%          4
 Arcjolt                  Conj/Air       82%        1d92      1%          5
 Freezing Cloud           Conj/Ice/Air   87%        6-21      1%          5
 Irradiate                Conj/Tmut      72%        3d35      1%          5
 Conjure Ball Lightning   Conj/Air       82%        3x3d31    1%          6
 Frozen Ramparts          Ice            100%       1d16      2%          3
 Ozocubu's Armour         Ice            55%        N/A       2%          3
 Summon Mana Viper        Hex/Summ       49%        N/A       3%          5
 Dimensional Bullseye     Hex/Tloc       17%        N/A       4%          4
 Summon Forest            Summ/Tloc      23%        N/A       4%          5
 Vampiric Draining        Necr           18%        2d7       5%          3
 Summon Cactus Giant      Summ           28%        N/A       7%          6
 Anguish                  Hex/Necr       13%        N/A       8%          4
 Metabolic Englaciation   Hex/Ice        30%        N/A       14%         5
 Dispel Undead            Necr           18%        3d11      19%         4
 Monstrous Menagerie      Summ           28%        N/A       36%         7
 Summon Hydra             Summ           28%        N/A       36%         7
 Agony                    Necr           18%        N/A       45%         5
 Alistair's Intoxication  Tmut/Pois      24%        N/A       45%         5
 Maxwell's Capacitive Co  Air            61%        ∞         65%         8
 Simulacrum               Ice/Necr       23%        N/A       87%         6
 Death Channel            Necr           9%         N/A       95%         6
 Eringya's Noxious Bog    Tmut/Pois      34%        4d6       95%         6
 Ozocubu's Refrigeration  Ice            46%        4d17      99%         7
 Discord                  Hex            18%        N/A       100%        8
 Disjunction              Tloc           16%        N/A       100%        8


Dungeon Overview and Level Annotations

Branches:
Dungeon (15/15)            Temple (0/1) D:6            Lair (5/5) D:10
  Swamp (4/4) Lair:2        Snake (4/4) Lair:3        Slime (0/5) Lair:4
    Orc (2/2) D:9             Elf (3/3) Orc:2        Vaults (5/5) D:14
  Crypt (3/3) Vaults:2       Tomb (0/3) Crypt:3      Depths (4/4) D:15
    Zot (5/5) Depths:4    Gauntlet (visited)

Shops:
D:4 :   Orc:2 ***![:   Elf:2 ==   Snake:1 (![(   Snake:2 (   Snake:4 ([=
Vaults:2 (

Portals:
Hell: Lair:5 Depths:1 Depths:2 Depths:3 Depths:4
Abyss: Depths:1 Depths:3 Depths:4
Pandemonium: Orc:2 Depths:1 Depths:2 Depths:4
Ziggurat: Depths:2

Annotations:
D:1 exclusion: downstairs
D:3 exclusion: downstairs
D:4 2 transporters
D:7 1 runed translucent door, WhatIsLove's ghost, novice HOMo
D:9 exclusion: downstairs
D:12 exclusion: downstairs
Lair:2 2 transporters, Jutic's ghost, journeyman TrFi
Lair:3 exclusion: 2 downstairs, Kirke
Lair:4 1 runed translucent door
Snake:2 exclusion: downstairs
Zot:3 exclusion: upstairs


Innate Abilities, Weirdness & Mutations

You have an increased reservoir of magic. (+10% MP)
You shall have no god before yourself.
Your divine heritage dramatically boosts your attributes as you level up.
You are partially covered in iridescent scales. (AC +2)
You expend magic power (3 MP) to strengthen your wands.


Message History

Your battlesphere wavers and loses cohesion.
There is a stone staircase leading down here.
There is a stone staircase leading up here.
You climb upwards.
Level annotation: exclusion: downstairs
There is a stone staircase leading down here.
Aiming: Dig
Press: ? - help, Shift-Dir - straight line A rock wall.
This square is covered in magical glow.
You feel a surge of power!
The rock shatters into small pieces.
The now-empty wand crumbles to dust.
A lorocyproca comes into view.
A lorocyproca is nearby!
A lorocyproca is nearby!
A lorocyproca is nearby!
Casting: Leda's Unmaking (mildly dangerous; 1% risk of failure)
Confirm with . or Enter, or press ? or * to list all spells.
Aiming: Leda's Unmaking (mildly dangerous; 1% risk of failure)
Press: ? - help, Shift-Dir - straight line, f - lorocyproca
Aim: a lorocyproca (slightly transparent, 80% to hit)
You feel a strong surge of power!
The entropic shot hits the lorocyproca!!!!
The lorocyproca dissolves into mud!
You kill the lorocyproca!
Unknown command.
Unknown command.
There's nothing to open nearby.
Unknown command.
Unknown command.
You're wearing all the rings you can.
Remove which one? (? for menu, Esc to cancel) < or
D - the ring of the Lumpy Beggars {Will+ SInv} > or
A - the ring of Kihint {Ice *Corrode Will+ MP+9 Str+8} You remove the ring of the Lumpy Beggars {Will+ SInv}.
You feel stronger.
F - the ring "Ozemnuq" (left hand) {rPois MP+9 Str+2} Unknown command.
There is a staircase leading out of the dungeon here.
You have escaped!

#### #.# #.......#.#..##...
..### ### #.#####.#..#..'...
#...## #.........#####...
###..###########'######.####
##'#
##.#........'8.8'........#
#..
####.#........#...#........#
#..
.....#...⌠....##'##....⌠...#
#..
.....##...................##
###
......######....@....######
####
.........####.......##...#
#...
....)###..############.#.#
#.## .....#
##..........[...#.#####'##
.....#
#########.##....#..(......
.....#
#.........#####.#####.....
###### #................#
#..... #...........###..#
###### #...........# #..##
#.....


There were no monsters in sight!

Vanquished Creatures
  4 ancient liches
  7 dread liches
  2 orbs of fire
  4 juggernauts
  Vv (Crypt:3)
  Sojobo (Crypt:2)
  Parghit (Zot:2)
  Josephina (Depths:4)
  A pandemonium lord (D:11)
  3 Killer Klowns
  Boris (Depths:4)
  Frederick (Vaults:2)
  Bai Suzhen (Depths:2)
  Vashnia (Snake:4)
  Xtahua (Crypt:1)
  3 curse toes
  10 caustic shrikes
  3 golden dragons
  the Enchantress (Depths:2)
  A bone dragon (Depths:4)
  4 electric golems
  12 tentacled monstrosities
  Zenata (Vaults:2)
  A walking crystal tome (Depths:2)
  A titan (Depths:3)
  4 quicksilver dragons
  8 liches
  21 Orb Guardians
  A walking divine tome (Depths:3)
  Asterion (Elf:3)
  2 deep elf master archers (Elf:3)
  3 sphinxes
  A deep elf blademaster (Elf:3)
  3 death cobs
  3 ancient champions
  An Executioner (Zot:5)
  5 tengu reavers
  5 shadow dragons
  2 nagarajas
  Aizul (Snake:4)
  The ghost of Cuemocu the Scorcher, an adept GrEE of Vehumet (Elf:1)
  3 draconian monks
  5 revenants
  Donald (Vaults:1)
  11 fire giants
  7 storm dragons
  5 deep elf sorcerers
  4 frost giants
  10 ghouls
  4 draconian scorchers
  An iron dragon (Depths:2)
  The ghost of Viosuam the Earth Mage, a journeyman GrEE of Gozag (D:14)
  A draconian shifter (Zot:4)
  5 deep elf elementalists (Elf:3)
  4 curse skulls
  A balrug (D:9)
  A draconian annihilator (Depths:4)
  Louise (Depths:3)
  2 orc warlords
  13 ironbound preservers
  An angel (Zot:3)
  13 vault wardens
  2 formless jellyfish
  2 war gargoyles (Vaults:4)
  4 spriggan defenders
  A cacodemon (D:9)
  34 very ugly things
  The ghost of xfalz the Thaumaturge, a journeyman GnSk of Ashenzari (Swamp:4)
  A demonspawn blood saint (D:9)
  A reaper (Crypt:3)
  7 eleionomae
  14 ironbound thunderhulks
  Nessos (Lair:4)
  9 vampire knights
  11 stone giants
  4 deep elf demonologists (Elf:3)
  A lorocyproca (D:1)
  4 green draconians
  5 deep elf annihilators
  5 bunyips
  4 black draconians
  3 red draconians
  2 purple draconians
  8 dire elephants
  4 spark wasps
  A minotaur (Gauntlet)
  3 white draconians
  8 deep elf death magi
  A yellow draconian (Zot:1)
  4 eidola
  4 fire dragons
  7 jiangshi
  2 shambling mangroves (Swamp:4)
  13 ettins
  2 entropy weavers
  5 great orbs of eyes
  An entropy weaver (shapeshifter) (Vaults:5)
  A fenstrider witch zombie (Crypt:2)
  A deep elf high priest (Vaults:2)
  4 rakshasas
  12 yaktaur captains
  25 hydras
  30 vault guards
  A quicksilver dragon skeleton (Crypt:1)
  4 ice dragons
  A spectral shadow dragon (Crypt:3)
  6 salamander tyrants
  A spectral spriggan (Crypt:3)
  A caustic shrike simulacrum (Depths:4)
  3 catoblepae
  A peacekeeper (Vaults:4)
  The ghost of Sapher the Slicer, a journeyman VSDe of Okawaru (Swamp:2)
  6 anacondas
  3 ghost crabs (Swamp:2)
  An anaconda (shapeshifter) (D:13)
  12 ironbound frosthearts
  7 spriggan air magi
  A sphinx zombie (Crypt:2)
  Erica (D:8)
  5 alligators
  2 ogre magi (Depths:3)
  2 spectral stone giants (Crypt:3)
  2 death knights (Crypt:1)
  8 centaur warriors
  6 boulder beetles
  8 naga warriors
  26 dancing weapons
  4 tengu warriors
  5 vampire magi
  5 deep troll earth magi
  A titan zombie (Vaults:4)
  10 two-headed ogres
  2 deep troll shamans (Depths:2)
  6 death yaks
  An Orb Guardian skeleton (Crypt:2)
  8 orc high priests (Orc:2)
  5 spriggan berserkers
  A hell knight (Vaults:2)
  2 soul eaters
  12 naga sharpshooters
  14 deep elf knights
  8 shock serpents
  11 skysharks
  11 shadow wraiths
  A sun demon (Lair:5)
  A sixfirhy (Gauntlet)
  A fire crab (Lair:4)
  4 goliath frogs
  21 skeletal warriors
  7 salamander mystics
  4 iron trolls (Depths:2)
  2 glowing orange brains (Depths:3)
  A shadow demon (Depths:1)
  7 swamp dragons (Swamp:4)
  27 deep trolls
  5 bog bodies
  A ghost moth zombie (Crypt:1)
  5 flayed ghosts
  A spriggan simulacrum (Depths:4)
  2 orange crystal statues (Depths:2)
  4 spriggan druids
  6 naga ritualists
  4 orc knights (Orc:2)
  9 deep elf archers
  10 harpies
  A necromancer (Vaults:5)
  25 phantasmal warriors
  12 wizards
  11 ironbound convokers
  9 lindwurms
  8 mana vipers
  An iron dragon zombie (Depths:1)
  A sphinx simulacrum (Depths:4)
  22 deep elf pyromancers
  24 deep elf zephyrmancers
  5 cyclopes
  3 orc sorcerers (Orc:2)
  7 manticores
  4 will-o-the-wisps
  A cyclops (shapeshifter) (Depths:3)
  50 ugly things
  32 salamanders
  2 elephants (Lair:4)
  An elephant (shapeshifter) (Depths:2)
  3 rust devils
  A human skeleton (Vaults:4)
  17 moths of wrath
  5 guardian serpents
  37 black mambas
  12 naga magi
  A titan simulacrum (Depths:4)
  12 vault sentinels
  3 smoke demons
  9 cane toads
  4 torpor snails (Lair:4)
  2 orange demons
  An unseen horror (D:11)
  Maggie (D:6)
  3 gargoyles
  An orb spider zombie (Crypt:1)
  6 komodo dragons
  18 rime drakes
  2 efreet
  A komodo dragon (shapeshifter) (D:13)
  A minotaur zombie (Gauntlet)
  4 ice devils
  8 freezing wraiths
  A spectral naga (Crypt:3)
  2 tengu conjurers
  2 red devils
  27 yaktaurs
  7 trolls
  A spectral harpy (Crypt:3)
  A sea snake skeleton (Crypt:3)
  A wolf spider simulacrum (D:15)
  A harpy zombie (Crypt:2)
  A troll (shapeshifter) (D:9)
  9 tyrant leeches
  3 merfolk (D:15)
  8 polar bears
  14 hornets
  A hellwing (Orc:2)
  9 blink frogs
  Grinder (D:4)
  A blink frog (shapeshifter) (Elf:3)
  A dream sheep (shapeshifter) (Elf:1)
  4 dream sheep (Lair:4)
  28 slime creatures
  A spriggan zombie (Depths:1)
  A culicivora (shapeshifter) (D:15)
  A jumping spider (shapeshifter) (Elf:1)
  3 water elementals
  4 wyverns
  2 air elementals (Elf:1)
  12 shadows
  A ynoxinul (Orc:2)
  5 basilisks
  10 flying skulls
  19 spriggans
  8 wraiths
  58 yaks
  2 fire elementals
  2 golden eyes (shapeshifter)
  3 chaos spawn
  Eustachio (D:4)
  A steam dragon (Lair:4)
  A redback (shapeshifter) (D:15)
  6 vampire mosquitoes
  Menkaure (D:4)
  38 nagas
  A fire bat zombie (Crypt:2)
  A steam dragon (shapeshifter) (Vaults:5)
  2 wargs (Orc:1)
  2 acid dragons
  A deep troll zombie (Crypt:3)
  A floating eye (Depths:4)
  13 swamp worms
  A fire bat skeleton (Crypt:2)
  40 orc warriors
  6 swamp drakes
  19 water moccasins
  5 hell hounds (Lair:5)
  An ice beast (D:7)
  23 ogres
  5 black bears
  An ettin simulacrum (Vaults:4)
  22 wolves
  A dream sheep skeleton (Crypt:3)
  12 centaurs
  A swamp dragon skeleton (Crypt:1)
  2 phantoms
  2 kobold brigands (D:9)
  A draconian zombie (Crypt:1)
  A yaktaur zombie (Crypt:2)
  2 necrophages
  10 bullfrogs
  A gnoll sergeant (D:13)
  2 scorpions
  A salamander skeleton (Crypt:3)
  A glowing shapeshifter simulacrum (Vaults:4)
  A cyclops skeleton (Crypt:2)
  3 earth elementals
  2 wights (D:9)
  11 killer bees
  A nameless horror (Vaults:2)
  An electric eel (Lair:5)
  2 howler monkeys (D:8)
  A lava snake (Snake:3)
  5 hounds
  A gnoll bouda (D:6)
  28 orc priests
  3 iron imps (D:3)
  Ijyb (D:4)
  Terence (D:3)
  2 iguanas
  14 orc wizards
  Natasha (thrice) (D:3)
  10 hell rats
  An ice beast zombie (Crypt:3)
  An ogre skeleton (Crypt:3)
  Robin (D:3)
  15 gnolls
  14 adders
  A river rat (D:10)
  3 shadow imps (Gauntlet)
  3 white imps
  An ufetubus (Gauntlet)
  An iguana zombie (Crypt:3)
  2 worms
  3 dart slugs
  55 orcs
  7 ball pythons
  4 endoplasms
  5 giant cockroaches
  16 goblins
  8 hobgoblins
  6 quokkas
  A ball python skeleton (Crypt:1)
  2 bats (D:1)
  5 frilled lizards
  A frilled lizard skeleton (Crypt:2)
  A frilled lizard zombie (Crypt:2)
  16 kobolds
  8 rats
  A fulminant prism (D:10)
1940 creatures vanquished.

Vanquished Creatures (collateral kills)
  2 dread liches (Vaults:5)
  3 orbs of fire
  A juggernaut (Depths:3)
  3 Killer Klowns (Zot:5)
  4 golden dragons
  5 tentacled monstrosities
  The ghost of NigelTetley the Crack Shot, an adept DgHu (Elf:3)
  A lich (Depths:2)
  5 Orb Guardians (Zot:5)
  4 titans (Vaults:5)
  A quicksilver dragon (Zot:5)
  A sphinx (Vaults:5)
  A deep elf blademaster (Elf:3)
  A death cob (Zot:5)
  6 tengu reavers
  3 shadow dragons (Vaults:5)
  A nagaraja (Snake:4)
  A revenant (Crypt:1)
  Roxanne (Snake:3)
  3 storm dragons
  7 fire giants
  3 frost giants
  4 vault wardens
  A spectral juggernaut (Crypt:3)
  2 deep elf elementalists (Elf:3)
  2 iron dragons
  A draconian shifter (Depths:4)
  A draconian annihilator (Zot:1)
  A ghoul (Crypt:3)
  A juggernaut skeleton (Crypt:1)
  A war gargoyle (Vaults:5)
  A formless jellyfish (Vaults:1)
  11 very ugly things
  2 spriggan defenders (Depths:2)
  4 ironbound preservers
  2 black draconians
  A green draconian (Depths:4)
  14 stone giants
  2 ironbound thunderhulks
  2 red draconians
  A demonspawn black sun (D:9)
  3 dire elephants (Vaults:1)
  2 bunyips
  An eleionoma (Swamp:4)
  4 white draconians
  2 yellow draconians (Zot:5)
  A spark wasp (Depths:2)
  An eidolon (Crypt:2)
  6 ettins
  2 yaktaur captains (Vaults:5)
  2 fire dragons (Depths:1)
  5 jiangshi
  2 vault guards
  3 great orbs of eyes
  A rakshasa (Depths:1)
  2 ironbound frosthearts (Vaults:1)
  3 hydras
  4 ice dragons
  A centaur warrior (Vaults:1)
  An ogre mage (Depths:3)
  A peacekeeper (Vaults:2)
  2 alligators
  7 two-headed ogres
  5 dancing weapons (Elf:2)
  2 tengu warriors (Depths:1)
  2 deep troll shamans (Depths:3)
  2 deep troll earth magi
  A naga sharpshooter (Snake:3)
  A naga warrior (Snake:3)
  3 spriggan berserkers (Depths:2)
  2 vampire magi
  A shock serpent (Snake:2)
  A sun demon (Zot:5)
  A hell knight (Depths:2)
  A deep elf knight (Elf:2)
  3 skeletal warriors
  A sixfirhy (D:9)
  A shadow wraith (Crypt:3)
  A salamander mystic (Snake:3)
  An iron troll (Depths:2)
  2 spriggan druids
  3 deep trolls
  3 flayed ghosts
  2 goliath frogs (Swamp:2)
  A deep elf archer (Elf:3)
  2 ironbound convokers (Vaults:5)
  A swamp dragon (Swamp:4)
  A lindwurm (Vaults:2)
  3 necromancers
  A glowing orange brain (Depths:3)
  An iron dragon zombie (Depths:1)
  2 deep elf zephyrmancers (Elf:1)
  4 harpies
  7 phantasmal warriors
  10 ugly things
  4 salamanders
  A faun (shapeshifter) (Vaults:5)
  An iron dragon skeleton (Depths:1)
  7 vault sentinels
  A rust devil (Depths:1)
  A black mamba (Snake:2)
  An orange demon (Lair:5)
  A naga mage (Snake:4)
  A gargoyle (D:13)
  A titan simulacrum (Depths:4)
  A spectral naga (Crypt:3)
  4 yaktaurs
  An ice devil (Lair:5)
  A red devil (Depths:1)
  2 merfolk (D:15)
  6 hornets
  A tyrant leech (Swamp:3)
  2 dream sheep (Lair:4)
  4 slime creatures
  2 flying skulls (Crypt:3)
  2 shadows (Crypt:3)
  A black mamba zombie (Crypt:3)
  A water elemental (D:15)
  4 spriggans
  3 wraiths
  2 fire elementals
  3 yaks (Lair:5)
  2 steam dragons (Lair:4)
  A chaos spawn (D:9)
  2 vampire mosquitoes
  5 nagas
  A swamp worm (Swamp:3)
  A human zombie (Depths:1)
  3 swamp drakes (Swamp:4)
  3 orc warriors (Orc:2)
  3 ogres
  A hog skeleton (Crypt:1)
  A bullfrog (Lair:4)
  A necrophage (Swamp:3)
  2 orc priests (Orc:2)
  2 orc wizards (Orc:2)
  A gnoll (D:13)
  6 orcs
  A rat skeleton (Crypt:3)
  2 fulminant prisms (Lair:5)
337 creatures vanquished.

Vanquished Creatures (others)
  An Orb Guardian (Zot:5)
  A vampire knight (Depths:2)
  A death yak (Lair:4)
  A deep elf knight (Elf:3)
  A phantasmal warrior (Crypt:3)
  An air elemental (Elf:3)
  A yak (D:12)
  A steam dragon (Lair:4)
  An orc warrior (Orc:2)
  An orc wizard (Orc:1)
  An ufetubus (Gauntlet)
  An orc (Orc:2)
  12 foxfires
  219 fulminant prisms
243 creatures vanquished.

Grand Total: 2520 creatures vanquished

Notes
Turn   | Place    | Note
-------+----------+-------------------------------------------
     0 | D:1      | octothorp the Demigod Conjurer began the quest for the Orb.
     0 | D:1      | Reached XP level 1. HP: 14/14 MP: 5/5
   367 | D:1      | Reached skill level 4 in Conjurations
   656 | D:1      | Reached XP level 2. HP: 20/20 MP: 2/7
   665 | D:1      | Learned a level 2 spell: Searing Ray
  1162 | D:1      | Reached XP level 3. HP: 7/26 MP: 1/8
  2133 | D:3      | Reached skill level 5 in Conjurations
  2403 | D:3      | Reached XP level 4. HP: 34/34 MP: 4/9
  2458 | D:3      | Learned a level 4 spell: Fulminant Prism
  2786 | D:3      | Noticed Natasha
  2791 | D:3      | Killed Natasha
  2792 | D:3      | Reached skill level 1 in Fighting
  2792 | D:3      | Reached skill level 1 in Hexes
  2834 | D:3      | Noticed Terence
  2868 | D:3      | Noticed Natasha
  2879 | D:3      | Killed Natasha
  2880 | D:3      | Reached XP level 5. HP: 23/40 MP: 6/11
  2900 | D:3      | Noticed Natasha
  2903 | D:3      | Killed Natasha
  2990 | D:3      | Killed Terence
  3532 | D:2      | Reached XP level 6. HP: 48/48 MP: 7/13
  3893 | D:4      | Noticed Grinder
  3898 | D:4      | Found a transporter.
  4010 | D:3      | Learned a level 4 spell: Iskenderun's Mystic Blast
  4116 | D:4      | Noticed Menkaure
  4122 | D:4      | Noticed Robin
  4133 | D:3      | Killed Robin
  4456 | D:4      | Killed Menkaure
  4457 | D:4      | Reached skill level 1 in Translocations
  4598 | D:4      | Found a transporter.
  4610 | D:4      | Reached XP level 7. HP: 55/55 MP: 12/15
  4670 | D:4      | Noticed Ijyb
  4683 | D:4      | Killed Ijyb
  4960 | D:4      | Found Bemaerof's Tiny Tomes.
  4976 | D:4      | Paralysed by Grinder for 2 turns
  4978 | D:4      | Killed Grinder
  4979 | D:4      | Reached skill level 6 in Conjurations
  5118 | D:4      | Noticed Eustachio
  5181 | D:4      | Killed Eustachio
  5414 | D:4      | Reached XP level 8. HP: 61/61 MP: 9/17
  5585 | D:4      | Upgraded the game from 0.31-a0-702-gf82c85558f to
                  | 0.31-a0-716-gc7603755dd
  5591 | D:5      | Entered Level 5 of the Dungeon
  5662 | D:5      | Reached skill level 7 in Conjurations
  7073 | D:6      | Found a staircase to the Ecumenical Temple.
  7106 | D:6      | Noticed Maggie
  7120 | D:6      | Killed Maggie
  7121 | D:6      | Reached skill level 8 in Conjurations
  7316 | D:7      | Reached XP level 9. HP: 73/73 MP: 9/18
  7425 | D:7      | Reached skill level 5 in Fighting
  7584 | D:7      | Found a runed translucent door.
  7587 | D:7      | Noticed WhatIsLove's ghost (novice HOMo)
  7996 | D:8      | Reached skill level 9 in Conjurations
  8302 | D:8      | Noticed Erica
  8311 | D:8      | Killed Erica
  8312 | D:8      | Reached skill level 10 in Conjurations
  8312 | D:8      | Reached skill level 5 in Spellcasting
  8880 | D:9      | Reached XP level 10. HP: 81/81 MP: 11/22
  9627 | D:9      | Reached skill level 5 in Fire Magic
  9881 | D:9      | Found a staircase to the Orcish Mines.
  9955 | D:9      | Noticed a cyclops
 10072 | D:9      | Learned a level 6 spell: Starburst
 10252 | D:10     | Entered Level 10 of the Dungeon
 10252 | D:10     | Noticed a death yak
 10525 | D:10     | Noticed a death yak
 10532 | D:10     | Noticed an eight-headed hydra
 10662 | D:10     | Noticed a death yak
 10671 | D:10     | Killed a death yak
 11265 | D:9      | Killed a cyclops
 11556 | D:10     | Killed an eight-headed hydra
 11716 | D:10     | Found a staircase to the Lair.
 11748 | D:10     | Noticed a two-headed ogre
 11755 | D:10     | Killed a two-headed ogre
 11756 | D:10     | Reached XP level 11. HP: 86/86 MP: 23/24
 12362 | Lair:1   | Entered Level 1 of the Lair of Beasts
 12636 | Lair:1   | Reached skill level 11 in Conjurations
 13119 | Lair:1   | Reached skill level 12 in Conjurations
 13247 | Lair:1   | Noticed a death yak
 13247 | Lair:1   | Noticed a death yak
 13247 | Lair:1   | Noticed a death yak
 13248 | Lair:1   | Noticed a death yak
 13251 | Lair:1   | Killed a death yak
 13253 | Lair:1   | Killed a death yak
 13253 | Lair:1   | Killed a death yak
 13256 | Lair:1   | Killed a death yak
 13600 | Lair:1   | Reached skill level 13 in Conjurations
 14335 | Lair:2   | Noticed a skyshark
 14352 | Lair:2   | Killed a skyshark
 14500 | Lair:2   | Found a transporter.
 14529 | Lair:2   | Reached XP level 12. HP: 92/94 MP: 25/25
 14537 | Lair:2   | Reached skill level 14 in Conjurations
 14546 | Lair:2   | Reached skill level 1 in Evocations
 14638 | Lair:2   | Noticed Jutic's ghost (journeyman TrFi)
 14648 | Lair:2   | Found a transporter.
 15114 | Lair:2   | Found a staircase to the Swamp.
 15169 | Lair:2   | Noticed a catoblepas
 15193 | Lair:2   | Noticed a seven-headed hydra
 15791 | Lair:3   | Reached skill level 5 in Evocations
 16255 | Lair:3   | Noticed Kirke
 16413 | Lair:3   | Found a staircase to the Snake Pit.
 16699 | Lair:4   | Noticed a five-headed hydra
 17049 | Lair:4   | Killed a five-headed hydra
 17124 | Lair:4   | Noticed a six-headed hydra
 17284 | Lair:4   | Reached skill level 5 in Dodging
 17440 | Lair:4   | Killed a six-headed hydra
 17808 | Lair:4   | Reached XP level 13. HP: 105/105 MP: 26/26
 17901 | Lair:4   | Identified a scroll of acquirement
 17917 | Lair:4   | Acquired Sif Muna's Disquisition on the Forceful Coals
 17925 | Lair:4   | Learned a level 5 spell: Iskenderun's Battlesphere
 18555 | Lair:4   | Noticed Nessos
 18953 | Orc:1    | Entered Level 1 of the Orcish Mines
 19589 | Orc:2    | Entered Level 2 of the Orcish Mines
 19768 | Orc:2    | Found Ruschyza's General Store.
 19839 | Orc:2    | Bought a wand of iceblast (5) for 204 gold pieces
 19839 | Orc:2    | Bought a scroll of teleportation for 51 gold pieces
 19853 | Orc:2    | Found a staircase to the Elven Halls.
 20374 | Orc:2    | Noticed an orc warlord
 20385 | Orc:2    | Killed an orc warlord
 20759 | Orc:2    | Found Azuext's Overcharged Wands.
 20959 | Orc:2    | Found Oseq Cop's Distillery.
 21352 | Orc:2    | Found Bighimur's General Store.
 21562 | Orc:2    | Bought a potion of heal wounds for 90 gold pieces
 21564 | Orc:2    | Bought a potion of heal wounds for 60 gold pieces
 21564 | Orc:2    | Bought a wand of quicksilver (2) for 100 gold pieces
 22309 | Orc:2    | Upgraded the game from 0.31-a0-716-gc7603755dd to
                  | 0.31-a0-728-g01b46875f1
 22316 | Orc:2    | Learned a level 6 spell: Leda's Unmaking
 22373 | Orc:2    | Reached skill level 1 in Earth Magic
 22602 | Orc:2    | Found Duqie's Antique Armour Emporium.
 22602 | Orc:2    | Found Zuptir's Book Shoppe.
 22603 | Orc:2    | Found a one-way gate leading to the halls of Pandemonium.
 22613 | Orc:2    | Bought an ancient robe for 159 gold pieces
 22613 | Orc:2    | Identified the +1 robe of the Lobster {*Slow Str+7} (You
                  | bought it in a shop on level 2 of the Orcish Mines)
 22618 | Orc:2    | Bought a runed robe for 103 gold pieces
 22999 | D:11     | Reached XP level 14. HP: 118/118 MP: 27/32
 24105 | D:11     | Reached skill level 5 in Earth Magic
 24247 | D:11     | Identified the scarf "Maiduses" {repulsion, Harm Str+3
                  | Slay+3}
 25157 | D:12     | Found a gate leading to a gauntlet.
 25221 | Gauntlet | Entered a Gauntlet
 25221 | Gauntlet | Found a transporter.
 25221 | Gauntlet | Found a transporter.
 25223 | Gauntlet | Found a transporter.
 25236 | Gauntlet | Found a transporter.
 25244 | Gauntlet | Found a transporter.
 25250 | Gauntlet | Found a transporter.
 25251 | Gauntlet | Found a transporter.
 25259 | Gauntlet | Found a transporter.
 25296 | Gauntlet | Found a transporter.
 25382 | Gauntlet | Found a transporter.
 25383 | Gauntlet | Found a transporter.
 25393 | Gauntlet | Found a transporter.
 25470 | Gauntlet | Upgraded the game from 0.31-a0-728-g01b46875f1 to
                  | 0.31-a0-740-g87205ac768
 25769 | Gauntlet | Identified the ring of the Lumpy Beggars {Will+ SInv}
 26211 | D:12     | Identified the ring of Nereef {Wiz rElec rN+}
 26758 | Lair:4   | Killed Nessos
 27110 | Lair:4   | Identified the +1 cloak of the New World {Contam rF+ Regen+
                  | Dex+2}
 27358 | Lair:4   | Reached skill level 10 in Fighting
 27358 | Lair:4   | Reached skill level 10 in Spellcasting
 27719 | Lair:4   | Identified the +8 chain mail of Complete Protection {rF-
                  | Dex+2 Stlth+}
 27723 | Lair:4   | Identified the +8 shortbow "Irhunest" {heavy, Int+3}
 27824 | Lair:4   | Found a runed translucent door.
 27824 | Lair:4   | Noticed an acid blob
 27825 | Lair:4   | Found a staircase to the Slime Pits.
 28213 | Lair:5   | Entered Level 5 of the Lair of Beasts
 30040 | Lair:5   | Reached XP level 15. HP: 124/126 MP: 22/35
 30168 | Lair:5   | Found a gateway to Hell.
 30550 | Orc:2    | Bought a book of Power for 714 gold pieces
 30566 | Orc:2    | Learned a level 7 spell: Spellforged Servitor
 30971 | Snake:1  | Entered Level 1 of the Snake Pit
 30980 | Snake:1  | Reached skill level 1 in Summonings
 31375 | Snake:1  | Found Foikluqi's Antique Weapon Boutique.
 31375 | Snake:1  | Found Bikh's Antique Weapon Shop.
 31376 | Snake:1  | Found Ham Mapt's Distillery.
 31378 | Snake:1  | Found Jyg Qopi's Armour Boutique.
 31409 | Snake:1  | Bought a potion of resistance for 110 gold pieces
 31409 | Snake:1  | Bought a potion of cancellation for 88 gold pieces
 31637 | Snake:1  | Bought a +2 pair of gloves of stealth for 322 gold pieces
 32321 | Snake:1  | Reached skill level 5 in Summonings
 33743 | Snake:2  | Found Viapuaji's Weapon Boutique.
 33744 | Snake:2  | Noticed a nagaraja
 33745 | Snake:2  | Got the Writings on Summoned Terra Firma
 33886 | Snake:2  | Killed a nagaraja
 36015 | Snake:3  | Reached skill level 15 in Conjurations
 36674 | Snake:3  | Noticed Roxanne
 36680 | Snake:3  | Reached skill level 1 in Armour
 37468 | Snake:3  | Upgraded the game from 0.31-a0-740-g87205ac768 to
                  | 0.31-a0-744-gbc345e7fcb
 37604 | Snake:3  | Reached XP level 16. HP: 134/134 MP: 26/36
 38291 | Snake:4  | Entered Level 4 of the Snake Pit
 38345 | Snake:4  | Found Kireo's Antique Weapon Shoppe.
 38350 | Snake:4  | Found Nocw's Antique Armour Emporium.
 38350 | Snake:4  | Found Tosurphon's Jewellery Shoppe.
 38568 | Snake:3  | Learned a level 5 spell: Freezing Cloud
 38812 | Snake:4  | Noticed Aizul
 38821 | Snake:4  | Killed Aizul
 38822 | Snake:4  | Reached skill level 1 in Ice Magic
 38822 | Snake:4  | Reached skill level 1 in Air Magic
 39513 | Snake:4  | Learned a level 6 spell: Plasma Beam
 40311 | Snake:4  | Reached skill level 5 in Armour
 40833 | Snake:4  | Noticed Vashnia
 41064 | Snake:4  | Killed Vashnia
 41400 | Snake:4  | Got a serpentine rune of Zot
 41684 | Swamp:1  | Entered Level 1 of the Swamp
 41901 | Swamp:1  | Reached skill level 5 in Air Magic
 42981 | Swamp:2  | Reached skill level 10 in Dodging
 43081 | Swamp:2  | Found a large runed translucent door.
 43081 | Swamp:2  | Found a large runed translucent door.
 43108 | Swamp:2  | Noticed Sapher's ghost (journeyman VSDe)
 43120 | Swamp:2  | Killed Sapher's ghost
 43409 | Swamp:2  | Reached XP level 17. HP: 140/140 MP: 29/37
 44128 | Swamp:3  | Noticed a tentacled monstrosity
 44132 | Swamp:3  | Killed a tentacled monstrosity
 44702 | Swamp:4  | Entered Level 4 of the Swamp
 44997 | Swamp:4  | Noticed xfalz's ghost (journeyman GnSk)
 44998 | Swamp:4  | Found a runed translucent door.
 46463 | Swamp:4  | Killed xfalz's ghost
 46688 | Swamp:4  | Got a decaying rune of Zot
 46892 | Snake:1  | Bought a potion of haste for 110 gold pieces
 46892 | Snake:1  | Bought 2 potions of magic for 176 gold pieces
 46892 | Snake:1  | Bought a potion of brilliance for 44 gold pieces
 47981 | D:14     | Identified the +4 spear "Morphola" {drain, Drain +Blink
                  | rElec Dex+4}
 47997 | D:14     | Learned a level 2 spell: Blink
 48700 | D:14     | Found a runed translucent door.
 48718 | D:14     | Noticed Viosuam's ghost (journeyman GrEE)
 48725 | D:14     | Killed Viosuam's ghost
 48733 | D:14     | Identified the +12 rapier "Momelat" {elec, rF+ Int+9
                  | Stlth-}
 49017 | D:14     | Found a gate to the Vaults.
 49347 | D:15     | Entered Level 15 of the Dungeon
 49555 | D:15     | Found a staircase to the Depths.
 49815 | D:15     | Reached XP level 18. HP: 151/151 MP: 19/40
 50438 | D:15     | Found a runed translucent door.
 50685 | D:15     | Found the +2 pair of slick slippers {slick, slippery, EV+4}
 51100 | Vaults:1 | Entered Level 1 of the Vaults
 51412 | Vaults:1 | Paralysed by a formless jellyfish for 1 turns
 52059 | Vaults:1 | Identified the +5 kite shield of the Exiled Yaks {rPois rF+
                  | Str-5}
 52059 | Vaults:1 | Noticed Donald
 52067 | Vaults:1 | Killed Donald
 52986 | Vaults:1 | Identified the +0 chain mail of Jedeff {rN+ Slay+3}
 53324 | Vaults:2 | Found Amaraf's Weapon Shop.
 53926 | Vaults:2 | Noticed Frederick
 53934 | Vaults:2 | Killed Frederick
 54307 | Vaults:2 | Found a staircase to the Crypt.
 54642 | Vaults:2 | Noticed Zenata
 54943 | Vaults:2 | Reached XP level 19. HP: 163/163 MP: 13/41
 55163 | Vaults:2 | Reached skill level 10 in Fire Magic
 55163 | Vaults:2 | Reached skill level 10 in Air Magic
 55165 | Vaults:2 | Reached skill level 10 in Earth Magic
 55224 | Vaults:2 | You fall into a shaft and drop 1 floor!
 55424 | Vaults:2 | Got the Papyrus of Changed Nonlocality
 55431 | Vaults:2 | Learned a level 1 spell: Apportation
 55894 | Vaults:2 | Identified the +3 arbalest "Keum" {flame, *Slow rF+ Int+3}
 55901 | Vaults:2 | Killed Zenata
 59625 | Vaults:4 | Learned a level 5 spell: Lee's Rapid Deconstruction
 59923 | Vaults:4 | Identified the +6 battleaxe "Zucafeth" {heavy, rCorr Dex+4}
 61046 | Elf:1    | Entered Level 1 of the Elven Halls
 61650 | Elf:1    | Reached skill level 1 in Short Blades
 61990 | Elf:1    | Found a runed translucent door.
 61992 | Elf:1    | Noticed Cuemocu's ghost (adept GrEE)
 62015 | Elf:1    | Reached XP level 20. HP: 171/171 MP: 35/42
 62188 | Elf:1    | Got the Octavo of Conflict
 62253 | Elf:1    | Killed Cuemocu's ghost
 62417 | Elf:2    | Found a flickering gateway to a bazaar.
 62671 | Bazaar   | Entered a bazaar
 62671 | Bazaar   | Found Meac's Antique Weapon Shoppe.
 62671 | Bazaar   | Found Ryacour's Jewellery Shoppe.
 62671 | Bazaar   | Found Jiwkaz's Weapon Shop.
 62673 | Bazaar   | Found Ropiuz's Distillery.
 62673 | Bazaar   | Found Miklunyg's Distillery.
 62711 | Bazaar   | Bought the amulet "Zaop" {rC+ Regen+} for 748 gold pieces
 62724 | Bazaar   | Bought a potion of cancellation for 96 gold pieces
 62724 | Bazaar   | Bought a potion of heal wounds for 60 gold pieces
 62724 | Bazaar   | Bought a potion of cancellation for 96 gold pieces
 62724 | Bazaar   | Bought a potion of haste for 120 gold pieces
 62729 | Bazaar   | Bought a potion of magic for 96 gold pieces
 62729 | Bazaar   | Bought a potion of mutation for 96 gold pieces
 62729 | Bazaar   | Bought a potion of brilliance for 48 gold pieces
 62824 | Elf:2    | Found Otesmeirgh's Book Emporium.
 62824 | Elf:2    | Found Fiojunn's Jewellery Shop.
 62825 | Elf:2    | Found Vabaafae's Jewellery Shop.
 62897 | Elf:2    | Reached skill level 5 in Short Blades
 62939 | Elf:2    | Found a runed translucent gate.
 62940 | Elf:2    | Found a runed translucent gate.
 62940 | Elf:2    | Found a runed translucent gate.
 62974 | Elf:2    | Got Sacuawke's Parchment of Transformed Obstruction
 63806 | Elf:3    | Entered Level 3 of the Elven Halls
 64080 | Elf:3    | Noticed NigelTetley's ghost (adept DgHu)
 64251 | Elf:3    | Found a runed translucent gate.
 64252 | Elf:3    | Found a runed translucent gate.
 64253 | Elf:3    | Found a runed translucent gate.
 64605 | Elf:3    | Killed NigelTetley's ghost
 65270 | Elf:3    | Identified the +1 leather armour "Pecut" {+Blink rC- Dex+3}
 65527 | Elf:3    | Identified the +2 shortbow of Caumou {heavy, Will+}
 65533 | Elf:3    | Identified the +4 scimitar of Xelen {heavy, *Slow +Blink
                  | rPois Str-3}
 65741 | Elf:3    | Reached skill level 15 in Spellcasting
 65964 | Elf:3    | Identified the +4 plate armour of Vehumet's Vengeance
                  | {+Blink rF+ Str+3 Stlth-}
 66154 | Elf:3    | Identified the staff "Natuw" {Drain Fly rPois rN+ Necro}
 66177 | Elf:3    | Identified the ring "Pugaer" {Wiz rPois Str+4}
 66374 | Elf:3    | Identified the +1 leather armour of Autumn {rElec Int-3
                  | Dex-5 Slay+4}
 66454 | Elf:3    | Noticed Asterion
 66456 | Elf:3    | Killed Asterion
 66547 | Elf:3    | Identified the +3 orcbow "Canirywn" {heavy, SInv Stlth+}
 66615 | Elf:3    | Upgraded the game from 0.31-a0-744-gbc345e7fcb to
                  | 0.31-a0-750-gfe7b580527
 67088 | Vaults:5 | Entered Level 5 of the Vaults
 67255 | Vaults:5 | Noticed a dread lich
 67258 | Vaults:5 | Noticed an ancient lich
 67258 | Vaults:5 | Noticed a golden dragon
 67513 | Vaults:5 | Reached XP level 21. HP: 181/181 MP: 35/46
 67634 | Vaults:5 | Killed a golden dragon
 67822 | Vaults:5 | Noticed a dread lich
 67824 | Vaults:5 | Killed a dread lich
 67831 | Vaults:5 | Killed a dread lich
 67884 | Vaults:5 | Identified the +1 arbalest "Mud Pie of Death" {freeze,
                  | Int+2 Dex+3}
 68168 | Vaults:5 | Identified the +10 flail of Action {heavy, rN+ rCorr Int+2
                  | SInv}
 68728 | Vaults:5 | Killed an ancient lich
 68729 | Vaults:5 | Reached skill level 15 in Fighting
 68729 | Vaults:5 | Reached skill level 15 in Dodging
 68914 | Vaults:5 | Noticed a golden dragon
 68929 | Vaults:5 | Killed a golden dragon
 69354 | Vaults:5 | Noticed a dread lich
 69361 | Vaults:5 | Killed a dread lich
 69849 | Vaults:5 | Got Meten's Parchment of the Winter and Places
 70249 | Vaults:5 | Identified the staff of Mastery {rF+ Will++ Stlth- Conj
                  | Poison}
 70258 | Vaults:5 | Identified the +3 ring mail "Ilydumn" {Fly}
 70328 | Vaults:5 | Got a silver rune of Zot
 70847 | Depths:1 | Entered Level 1 of the Depths
 70873 | Depths:1 | Reached skill level 10 in Evocations
 70906 | Depths:1 | Found a one-way gate to the infinite horrors of the Abyss.
 70925 | Depths:1 | Reached skill level 1 in Staves
 71700 | Depths:1 | Reached skill level 5 in Staves
 72429 | Depths:1 | Reached XP level 22. HP: 143/192 MP: 46/47
 72712 | Depths:2 | Found a one-way gateway to a ziggurat.
 72994 | Depths:2 | Noticed the Enchantress
 73008 | Depths:2 | Killed the Enchantress
 73186 | Depths:2 | Reached skill level 16 in Conjurations
 73435 | Depths:2 | Noticed Bai Suzhen
 73447 | Depths:2 | Killed Bai Suzhen
 74020 | Snake:3  | Killed Roxanne
 74901 | Depths:2 | Noticed a juggernaut
 74907 | Depths:2 | Killed a juggernaut
 75078 | Depths:2 | Reached skill level 17 in Conjurations
 76127 | Depths:2 | Reached skill level 18 in Conjurations
 76457 | Depths:2 | Noticed a caustic shrike
 76457 | Depths:2 | Noticed a caustic shrike
 76461 | Depths:2 | Killed a caustic shrike
 76463 | Depths:2 | Killed a caustic shrike
 76544 | Depths:2 | Identified the ring of Buturoj {Ice rPois Will+ rCorr}
 76991 | Depths:2 | Learned a level 7 spell: Orb of Destruction
 77385 | Depths:3 | Noticed a juggernaut
 77393 | Depths:3 | Killed a juggernaut
 77409 | Depths:3 | Noticed a juggernaut
 77421 | Depths:3 | Killed a juggernaut
 77859 | Crypt:1  | Entered Level 1 of the Crypt
 77865 | Crypt:1  | Noticed Xtahua
 77872 | Crypt:1  | Killed Xtahua
 77873 | Crypt:1  | Reached XP level 23. HP: 187/199 MP: 29/48
 78284 | Crypt:1  | Reached skill level 15 in Earth Magic
 79602 | Crypt:2  | Noticed a dread lich
 79605 | Crypt:2  | Killed a dread lich
 80414 | Crypt:2  | Noticed Sojobo
 80523 | Crypt:2  | Paralysed by an air elemental for 1 turns
 80530 | Crypt:2  | Killed Sojobo
 81035 | Crypt:3  | Entered Level 3 of the Crypt
 81442 | Crypt:3  | Reached skill level 19 in Conjurations
 81455 | Crypt:3  | Noticed an ancient lich
 81477 | Crypt:3  | Killed an ancient lich
 81753 | Crypt:3  | Noticed Vv
 81778 | Crypt:3  | Killed Vv
 81781 | Crypt:3  | Reached XP level 24. HP: 206/207 MP: 36/48
 81922 | Crypt:3  | Found a staircase to the Tomb.
 82762 | Crypt:3  | Reached skill level 20 in Conjurations
 83891 | Crypt:3  | Identified the +7 war axe of Valour {flame, Int+4}
 84129 | Crypt:3  | Got Roari's Notes on Transfiguration and Shades
 84133 | Crypt:3  | Learned a level 2 spell: Sublimation of Blood
 84144 | Crypt:3  | Identified the +8 halberd of Makhleb's Grace {venom, Fly
                  | rC+ Str+2}
 84573 | Depths:3 | Noticed a juggernaut
 84579 | Depths:3 | Killed a juggernaut
 84585 | Depths:3 | Reached skill level 21 in Conjurations
 84988 | Depths:3 | Reached XP level 25. HP: 189/214 MP: 28/48
 85206 | Depths:3 | Noticed a juggernaut
 85213 | Depths:3 | Killed a juggernaut
 85315 | Depths:3 | Noticed Louise
 85317 | Depths:3 | Killed Louise
 85799 | Depths:3 | Reached skill level 22 in Conjurations
 86493 | Depths:4 | Entered Level 4 of the Depths
 86493 | Depths:4 | Noticed Boris
 86801 | Depths:4 | Identified the staff of the Big Bang {rC+ SInv Ice}
 86801 | Depths:4 | Identified the ring of Kihint {Ice *Corrode Will+ MP+9
                  | Str+8}
 86801 | Depths:4 | Noticed Josephina
 87053 | Depths:4 | Killed Josephina
 87647 | Depths:4 | Killed Boris
 88307 | Snake:4  | Bought an embroidered cloak for 247 gold pieces
 89169 | Depths:4 | Found a gate to the Realm of Zot.
 89178 | Depths:4 | Reached skill level 10 in Armour
 89418 | Zot:1    | Entered Level 1 of the Realm of Zot
 89677 | Zot:1    | Noticed an orb of fire
 89679 | Zot:1    | Gained mutation: Potions are less effective at restoring
                  | your health. [an orb of fire]
 89683 | Zot:1    | Killed an orb of fire
 91404 | Zot:2    | Noticed an orb of fire
 91404 | Zot:2    | Gained mutation: You are weak. (Str -2) [an orb of fire]
 91405 | Zot:2    | Gained mutation: You sometimes lose your temper in combat.
                  | [an orb of fire]
 91406 | Zot:2    | Gained mutation: You occasionally shout uncontrollably at
                  | your foes. [an orb of fire]
 91411 | Zot:2    | Killed an orb of fire
 91412 | Zot:2    | Lost mutation: Potions are less effective at restoring your
                  | health. [potion of mutation]
 91412 | Zot:2    | Lost mutation: You occasionally shout uncontrollably at
                  | your foes. [potion of mutation]
 91412 | Zot:2    | Gained mutation: You expend magic power (3 MP) to
                  | strengthen your wands. [potion of mutation]
 91413 | Zot:2    | Lost mutation: You are weak. (Str -2) [potion of mutation]
 91413 | Zot:2    | Lost mutation: You sometimes lose your temper in combat.
                  | [potion of mutation]
 91413 | Zot:2    | Gained mutation: You occasionally lose the ability to read
                  | scrolls when taking damage. [potion of mutation]
 91413 | Zot:2    | Lost mutation: You occasionally lose the ability to read
                  | scrolls when taking damage. [potion of mutation]
 91413 | Zot:2    | Gained mutation: You are partially covered in iridescent
                  | scales. (AC +2) [potion of mutation]
 91579 | Zot:2    | Noticed Parghit
 91594 | Zot:2    | Killed Parghit
 92271 | Zot:3    | Noticed an orb of fire
 92275 | Zot:3    | Killed an orb of fire
 93241 | Zot:5    | Entered Level 5 of the Realm of Zot
 93493 | Zot:5    | Reached XP level 26. HP: 226/226 MP: 39/48
 93826 | Zot:5    | Got the Guide on Warped Company
 93880 | Zot:5    | Acquired the ring "Ozemnuq" {rPois MP+9 Str+2}
 93979 | Zot:5    | Noticed a dread lich
 93998 | Zot:5    | Killed a dread lich
 94170 | Zot:5    | Noticed an orb of fire
 94175 | Zot:5    | Killed an orb of fire
 94278 | Zot:5    | Noticed a dread lich
 94282 | Zot:5    | Killed a dread lich
 94347 | Zot:5    | Noticed a dread lich
 94357 | Zot:5    | Killed a dread lich
 94534 | Zot:5    | Noticed a dread lich
 94536 | Zot:5    | Killed a dread lich
 95118 | Zot:5    | Noticed an ancient lich
 95120 | Zot:5    | Killed an ancient lich
 95181 | Zot:5    | Noticed an ancient lich
 95187 | Zot:5    | Killed an ancient lich
 95272 | Zot:5    | Noticed a dread lich
 95275 | Zot:5    | Killed a dread lich
 95371 | Zot:5    | Got the Orb of Zot
 95422 | Zot:5    | Noticed an orb of fire
 95430 | Zot:5    | Killed an orb of fire
 95654 | Depths:3 | Noticed Mumu the pandemonium lord
 95844 | D:11     | Noticed Cul Tiw the pandemonium lord
 95856 | D:11     | Killed Cul Tiw the pandemonium lord
 96072 | D:9      | Noticed Siuvvaobb the pandemonium lord
 96265 | D:$      | Escaped with the Orb!

Illustrated notes

Levels and vault maps discovered:
D:1:      giann_wishing_wells, layout_basic
D:2:      layout_basic, basic_ecumenical_altar
D:3:      layout_rooms, nicolae_overflow_hidden_temple, demons_altar,
          hangedman_decor_push, uniq_terence, uniq_natasha
D:4:      gammafunk_steamed_eel, layout_rooms, mainiacjoe_overflow_boulevard,
          amcnicky_altar_gilded, grunt_ministairs_13,
          nicolae_shop_i_like_small_books_too, kennysheep_generic_room_9,
          uniq_eustachio, uniq_ijyb, uniq_grinder, uniq_menkaure, uniq_robin
D:5:      layout_loops_ring, nzn_hepliaklqana_mist_gate,
          overflow_temple_1_default
D:6:      layout_cave_pools, minmay_temple_entry_junction_2,
          roderic_serpentine_path, minmay_misc_feat_doors,
          minmay_misc_feat_secret_circle, uniq_maggie
D:7:      layout_rooms, ebering_ghost_reflecting_pool
D:8:      layout_basic, ashenzari_conservatory_becter, uniq_erica
D:9:      layout_cave_pools, nicolae_overflow_squiral, david_orc_4,
          minmay_fractal_squares_gapless_7
D:10:     layout_loops_corners, zin_treasury, dpeg_lair_monsters
D:11:     layout_grid_maze
D:12:     layout_cave_pools, gauntlet_entry_generic,
          chequers_serial_rivers_micro_d
D:13:     layout_rooms
D:14:     layout_loops_ring, hellmonk_vaults_attempted_burglary,
          ebering_ghost_reflecting_pool, kiku_gazebo_pond_becter
D:15:     hellmonk_depths_entry_around_the_bend, layout_loops_corners,
          minmay_hedge_maze, dk_noncrumbling_3, minmay_door_square,
          nicolae_guarded_unrand_slippers
Lair:1:   beast_lair_carwin_large_1, layout_long_grid, grunt_megastairs_1,
          lemuel_fruit_fields, serial_bayou_shore_b
Lair:2:   layout_regular_city, swamp_mist, gammafunk_ghost_berserking_beasts
Lair:3:   layout_small_grid, alex1729_snake_entry_snake, uniq_kirke
Lair:4:   nzn_winding_woodlands_large [nzn_winding_woodlands_5x5_perimeter,
          nzn_winding_woodlands_5x15_cabin,
          nzn_winding_woodlands_5x5_checkerboard,
          nzn_winding_woodlands_center_diamonds,
          nzn_winding_woodlands_15x15_killbox,
          nzn_winding_woodlands_center_garden, nzn_winding_woodlands_hourglass,
          nzn_winding_woodlands_5x15_twine,
          nzn_winding_woodlands_5x5_open_star], layout_loops_ring,
          slime_entry_2, bobbens_dragon_lair_wall, uniq_nessos
Lair:5:   evil_forest, layout_long_grid, serial_bayou_shore_a
Swamp:1:  layout_falls_marsh, nicolae_swamp_well_well_well,
          infiniplex_staircase_pool
Swamp:2:  layout_falls_marsh, ebering_ghost_disaster_area,
          evilmike_swamp_ruin_house_5
Swamp:3:  layout_basic_swamp, serial_swamp_ruin, evilmike_swamp_ruin_house_3,
          evilmike_swamp_ruin_rubble_1, evilmike_swamp_ruin_wall
Swamp:4:  swamp_alternative, layout_basic_swamp, hellmonk_ghost_happy_afterlife,
          swamp_pool1
Snake:1:  layout_rooms, minmay_shoptagon, grunt_megastairs_4
Snake:2:  layout_misc_corridors, serial_shops, nicolae_shop_tiny_glass
Snake:3:  layout_grid_maze, basic_altar, nicolae_snake_salamander_fort,
          grunt_megastairs_5, uniq_roxanne
Snake:4:  johnstein_snake_rune_scales, layout_gridlike, st_stairs_3,
          minmay_shop_star, uniq_aizul
Orc:1:    layout_diamond_mine, basic_altar
Orc:2:    pf_orc_diabolical, layout_caves, serial_shops, shop_fountains,
          basic_altar, nicolae_shop_overcharged_wands
Elf:1:    eino_elf_arrival_customs, layout_geoelf_octagon,
          ebering_ghost_inner_flame, minmay_elf_sorcery
Elf:2:    nicolae_elf_blades_crystal_corner, layout_gridlike, basic_altar,
          serial_shops, bzr_entry_dummy, minmay_shop_grove
Elf:3:    grunt_elf_hall_asides, layout_geoelf_diagonals, gammafunk_ghost_split,
          uniq_asterion
Vaults:1: hangedman_vaults_capsules, hangedman_vaults_river_flow,
          nicolae_vaults_stairing_the_circle, nicolae_vaults_wine_cellar,
          vaults_room_grunt_arrival_ludios, hangedman_vaults_slice, v_misc_19,
          ontoclasm_vaults_decontamination, layout_vaults_big_room, uniq_donald
Vaults:2: nicolae_vaults_disjoint_gnomons, vaults_standard_mumra_x,
          nicolae_vaults_closet_pinwheel_2, nicolae_vaults_tetromino_L_1,
          vaults_room_door_hall, ontoclasm_vaults_pinch, vaults_room_semicircle,
          minmay_crypt_entry_simple_plaza, v_misc_30, vaults_room_door_ring,
          vaults_dpeg_doors, st_spiral_rooms, dpeg_vaults_monster_row,
          ontoclasm_vaults_idyll, v_misc_25, nicolae_vaults_octothorpe,
          nicolae_vaults_little_squares_5, layout_vaults_omnicross,
          serial_shops, nicolae_shop_pleasant_corner_grove, uniq_zenata,
          uniq_frederick
Vaults:3: v_misc_23, nicolae_vaults_little_squares_3, v_misc_25,
          nicolae_vaults_more_shelving_2, nicolae_vaults_trapezoid_1,
          vaults_dpeg_cross, vaults_dpeg_encased_lava,
          nicolae_vaults_shelves_hall, nicolae_vaults_mini_display_case,
          v_alt_pattern_6, layout_vaults_quadrants
Vaults:4: nicolae_vaults_inception_statues, hangedman_vaults_maws,
          nicolae_vaults_lightning_bolt, hangedman_vaults_corner, v_misc_11,
          nicolae_vaults_puzzle_piece, hangedman_vaults_hat,
          vaults_standard_mumra_enter_the_diamond, ontoclasm_vaults_gallery,
          vaults_room_stairs_pillars, nicolae_vaults_specimen_jars,
          layout_vaults_maze
Vaults:5
Crypt:1:  layout_basic, uniq_xtahua
Crypt:2:  layout_gridlike, roderic_lattice_octagonal_star, uniq_sojobo
Crypt:3:  church_of_pain_bobbens, layout_chaotic_city,
          tomb_entry_forgotten_bobbens, hex_tiny, item_on_display_a, uniq_vv
Depths:1: layout_cave_shapes, minmay_misc_feat_rows,
          hangedman_abyss_entry_splay, grunt_pan_entry_in_and_out, hell_entry,
          okawaru_altar_gauntlet_db
Depths:2: kennysheep_large_vault, layout_gridlike, enter_ziggurat_c,
          kennysheep_decorative_pillar, hangedman_coc_ice_floe, pan_entry,
          minivault_16, minmay_protected_statue, uniq_enchantress,
          uniq_bai_suzhen
Depths:3: hangedman_cross_cluster, layout_basic,
          minmay_staircase_windowed_small, hell_entry,
          nicolae_abyss_entry_one_way_or_another, hex_subvault_octagon,
          uniq_margery
Depths:4: grunt_zot_entry_funnels, layout_cave_pools, pan_entry, hell_entry,
          nicolae_wu_jian_immortal_techniques, abyss_entry, uniq_josephina,
          uniq_boris
Zot:1:    layout_cathedral_of_symmetry, grunt_megastairs_2
Zot:2:    nicolae_moth_party, layout_concentric_octagons, uniq_parghit
Zot:3:    layout_concentric_octagons, grunt_ministairs_15
Zot:4:    kennysheep_ambush_hall, layout_gridlike
Zot:5:    layout_cathedral_of_symmetry

Skill      XL: |  1  2  3  4  5  6  7  8  9 10 11 12 13 14 15 16 17 18 19 20 21 22 23 24 25 26 |
---------------+-------------------------------------------------------------------------------+-----
Conjurations   | 4 5 6 8 10 13 14 15 18 19 21 22 | 22.0
Spellcasting   | 2 3 4 6 9 11 13 15 | 15.0
Fighting       | 1 2 4 5 7 9 10 11 13 14 15 16 18 | 18.7
Hexes          | 1 2 3 4 |  4.0
Translocations | 1 3 |  3.0
Fire Magic     | 3 8 9 12 | 12.0
Evocations     | 6 10 | 10.0
Dodging        | 5 6 10 13 14 15 16 18 | 18.2
Earth Magic    | 3 9 12 14 16 | 16.0
Summonings     | 8 9 |  9.0
Armour         | 2 6 12 | 12.0
Ice Magic      | 2 |  2.2
Air Magic      | 6 9 12 | 12.0
Short Blades   | 2 6 |  6.0
Staves         | 6 |  6.0
Stealth        | |  1.7

Action                     |  1- 3 |  4- 6 |  7- 9 | 10-12 | 13-15 | 16-18 | 19-21 | 22-24 | 25-27 || total
---------------------------+-------+-------+-------+-------+-------+-------+-------+-------+-------++-------
  Melee: Unarmed           |     7 |       |       |       |       |       |       |       |       ||     7
         Whip              |     6 |    22 |    18 |       |       |       |       |       |       ||    46
         Short sword       |       |       |       |    63 |     7 |     1 |       |       |       ||    71
         Punch             |       |       |       |     2 |       |       |       |       |       ||     2
         Rapier            |       |       |       |       |       |     4 |     8 |       |       ||    12
         Staff             |       |       |       |       |       |       |       |    19 |     2 ||    21
  Throw: Throwing net      |       |       |       |       |       |       |       |     1 |       ||     1
   Cast: Magic Dart        |    68 |    59 |   117 |   103 |   608 |   597 |   504 |   307 |   160 ||  2523
         Searing Ray       |    10 |    19 |    34 |    73 |    55 |     8 |     2 |     1 |       ||   202
         Fulminant Prism   |       |     2 |    29 |   130 |    43 |    13 |     6 |     1 |       ||   224
         Iskenderun's Myst |       |     2 |     1 |    29 |    55 |    41 |    26 |    52 |    25 ||   231
         Starburst         |       |       |       |     8 |     8 |    18 |    11 |    11 |     7 ||    63
         Iskenderun's Batt |       |       |       |       |   246 |     8 |       |       |       ||   254
         Leda's Unmaking   |       |       |       |       |   102 |   113 |   107 |    69 |    91 ||   482
         Spellforged Servi |       |       |       |       |     9 |    51 |    92 |    59 |    50 ||   261
         Plasma Beam       |       |       |       |       |       |   111 |    79 |    62 |    32 ||   284
         Freezing Cloud    |       |       |       |       |       |     2 |       |       |       ||     2
         Blink             |       |       |       |       |       |     1 |       |     1 |     2 ||     4
         Lee's Rapid Decon |       |       |       |       |       |       |   117 |   156 |    88 ||   361
         Apportation       |       |       |       |       |       |       |     7 |     8 |    23 ||    38
         Orb of Destructio |       |       |       |       |       |       |       |    17 |    48 ||    65
  Evoke: Wand              |       |       |       |     4 |     9 |       |     2 |     5 |     8 ||    28
         Lightning rod     |       |       |       |       |       |     3 |     4 |       |       ||     7
         Phantom mirror    |       |       |       |       |       |       |       |     1 |       ||     1
    Use: Scroll            |     2 |     5 |     6 |    10 |    11 |     6 |    10 |     2 |    11 ||    63
         Potion            |     1 |     5 |     1 |     1 |     1 |     3 |     5 |     4 |     5 ||    26
   Stab: Sleeping          |     1 |     1 |       |       |       |       |       |       |       ||     2
 Armour: Robe              |    17 |    49 |    12 |       |       |       |       |       |       ||    78
         Acid dragon scale |       |       |     8 |   179 |   185 |   156 |   148 |   127 |    26 ||   829
         Fire dragon scale |       |       |       |       |       |       |       |       |    41 ||    41
  Dodge: Dodged            |    19 |    50 |    56 |   193 |   130 |   120 |   115 |   116 |    43 ||   842

Table legend: (Time is in decaauts)
 A = Elapsed time spent in this place.
 B = Non-inter-level travel time spent in this place.
 C = Inter-level travel time spent in this place.
 D = Time resting spent in this place.
 E = Time spent auto-exploring this place.
 F = Levels seen in this place.
 G = Mean time per level.
                   A        B        C        D        E       F      G
               +--------+--------+--------+--------+--------+-----+--------+
         Total |  96849 |  85824 |  11025 |  43405 |      0 |  52 | 1862.5 |
       Dungeon |  21803 |  17754 |   4049 |   7950 |      0 |  15 | 1453.5 |
          Lair |  11401 |   9765 |   1636 |   4735 |      0 |   5 | 2280.2 |
         Swamp |   5338 |   4974 |    364 |   2613 |      0 |   4 | 1334.5 |
     Snake Pit |  11108 |  10200 |    908 |   5622 |      0 |   4 | 2777.0 |
  Orcish Mines |   3994 |   3571 |    423 |   1828 |      0 |   2 | 1997.0 |
   Elven Halls |   5649 |   5412 |    237 |   2830 |      0 |   3 | 1883.0 |
        Vaults |  13684 |  12140 |   1544 |   6454 |      0 |   5 | 2736.8 |
         Crypt |   6435 |   5903 |    532 |   2953 |      0 |   3 | 2145.0 |
        Depths |  10399 |   9462 |    937 |   5517 |      0 |   4 | 2599.8 |
           Zot |   6065 |   5673 |    392 |   2497 |      0 |   5 | 1213.0 |
        Bazaar |     83 |     83 |      0 |      0 |      0 |   1 |   83.0 |
      Gauntlet |    885 |    885 |      0 |    405 |      0 |   1 |  885.0 |
               +--------+--------+--------+--------+--------+-----+--------+

Top non-repeatable levels by time:
Depths:2: 4058 daAuts
 Snake:3: 3670 daAuts
  Lair:4: 3534 daAuts
Vaults:5: 3255 daAuts
Vaults:2: 3095 daAuts
 Snake:1: 3017 daAuts
 Snake:4: 3013 daAuts
   Orc:2: 2951 daAuts
   Elf:3: 2906 daAuts
Vaults:4: 2702 daAuts
Depths:3: 2659 daAuts
 Crypt:3: 2624 daAuts
    D:11: 2564 daAuts
Depths:1: 2501 daAuts
     D:9: 2464 daAuts
